 Dungeon Crawl Stone Soup version 0.16.2-12-gd0ad4c3 (webtiles) character file.

140511 faibistes the Eclecticist (level 16, 0/96 HPs)
             Began as a Deep Elf Wizard on May 12, 2018.
             Was the Champion of Sif Muna.
             Slain by Aizul (11 damage)
             ... on level 1 of the Spider Nest on May 13, 2018.
             The game lasted 03:05:24 (59345 turns).

faibistes the Eclecticist (Deep Elf Wizard)        Turns: 59345, Time: 03:05:24

Health: 0/96       AC: 15    Str:  4    XL:     16   Next: 76%
Magic:  2/41       EV: 17    Int: 31    God:    Sif Muna [******]
Gold:   648        SH:  0    Dex: 13    Spells: 12 memorised, 1 level left

rFire  + + .     SeeInvis +     w - +7 rapier of Absolution {pain, rF++}
rCold  . . .     Clarity  .     n - +2 robe {MR+}
rNeg   . . .     SustAb   .     (no shield)
rPois  +         Gourm    .     b - +1 hat
rElec  .         Spirit   .     D - +2 cloak
rCorr  .         Warding  .     L - +2 pair of gloves
rMut   +         Stasis   .     N - +2 pair of boots
MR     ++...                    l - amulet of resist mutation
Stlth  ++........               V - +1 ring of protection
                                k - ring of see invisible

@: deflect missiles, very resistant to hostile enchantments, unstealthy
A: horns 1, poison resistance
a: Channel Energy, Forget Spell, Renounce Religion


You were on level 1 of the Spider Nest.
You worshipped Sif Muna.
Sif Muna was exalted by your worship.
You were near starving.

You visited 6 branches of the dungeon, and saw 33 of its levels.
You also visited: Bailey.

You collected 2850 gold pieces.
You spent 2202 gold pieces at shops.

Inventory:

Hand weapons
 m - the +10 hand axe "Newt's Nightmare" {drain, rF+ MR+}
   (You found it on level 3 of the Spider Nest)

   A truly terrible weapon, it drains the life of those it strikes.
   It protects you from fire.
   It affects your resistance to hostile enchantments.
 w - the +7 rapier of Absolution (weapon) {pain, rF++}
   (You bought it in a shop on level 4 of the Orcish Mines)

   In the hands of one skilled in necromantic magic, it inflicts extra damage on
   living creatures.
   It greatly protects you from fire.
Armour
 b - a +1 hat (worn)
 n - a +2 robe of magic resistance (worn)
 D - a +2 cloak (worn)
 L - a +2 pair of gloves (worn)
 N - a +2 pair of boots (worn)
Magical staves
 S - an uncursed staff of cold
Rods
 J - a +0 rod of destruction (10/10)
   (You took it off a deep elf mage on level 2 of the Elven Halls)
Jewellery
 c - an uncursed ring of flight
 k - a ring of see invisible (left hand)
 l - an amulet of resist mutation (around neck)
 E - an uncursed ring of positive energy
 V - a +1 ring of protection (right hand)
Magical devices
 g - a wand of slowing (20)
 p - a wand of draining (5)
 r - a wand of confusion (13)
 s - a wand of lightning (8)
 v - a wand of confusion (29)
 C - a wand of fire (0)
 H - a wand of slowing (19)
 K - a wand of disintegration (11)
 O - a wand of fireball (0)
 U - a wand of confusion (40)
 X - a wand of teleportation (4)
 Y - a wand of draining (4)
Scrolls
 e - a scroll of fear
 j - 2 scrolls of magic mapping
 q - 4 scrolls of identify
 y - 2 scrolls of fog
 A - 3 scrolls of recharging
 F - 8 scrolls of remove curse
 I - 2 scrolls of immolation
 W - 2 scrolls of teleportation
Potions
 a - 3 potions of curing
 o - a potion of cure mutation
 t - 6 potions of restore abilities
 x - 3 potions of cancellation
 z - 3 potions of haste
 B - 3 potions of ambrosia
 M - a potion of brilliance
 P - a potion of resistance
 R - 3 potions of flight
 Z - a potion of invisibility
Books
 h - a book of Annihilations

   Spells                             Type                      Level
   a - Poison Arrow                   Conjuration/Poison           6
   b - Chain Lightning                Conjuration/Air              8
   c - Lehudib's Crystal Spear        Conjuration/Earth            8
   d - Glaciate                       Conjuration/Ice              9
   e - Fire Storm                     Conjuration/Fire             9
Comestibles
 d - 12 bread rations
 f - 9 fruits
 i - 9 royal jellies
 u - 9 meat rations
 G - 9 beef jerkies


   Skills:
 + Level 9.3 Fighting
 - Level 10.0 Dodging
 - Level 2.4 Stealth
 * Level 17.0 Spellcasting
 * Level 11.0 Conjurations
 * Level 11.6 Charms
   Level 3.7 Summonings
 - Level 7.0 Translocations
 - Level 3.8 Transmutations
 * Level 11.7 Fire Magic
 - Level 4.3 Air Magic
 * Level 11.1 Earth Magic
 - Level 2.1 Poison Magic
 - Level 10.0 Invocations
 - Level 9.0 Evocations


You had one spell level left.
You knew the following spells:

 Your Spells              Type           Power        Failure   Level  Hunger
a - Magic Dart            Conj           ####         1%          1    None
b - Conjure Flame         Conj/Fire      #######.     1%          3    None
c - Swiftness             Chrm/Air       ######..     1%          2    None
d - Blink                 Tloc           N/A          1%          2    None
e - Mephitic Cloud        Conj/Pois/Air  ######..     1%          3    None
f - Deflect Missiles      Chrm/Air       ######....   12%         6    ##.....
g - Iron Shot             Conj/Erth      #######...   2%          6    ##.....
i - Ignite Poison         Fire/Trmt      ######....   1%          5    None
l - Lee's Rapid Deconstr  Erth           #######...   1%          5    None
v - Bolt of Fire          Conj/Fire      #######...   2%          6    ##.....
x - Force Lance           Conj/Tloc      ######..     1%          4    None
z - Fireball              Conj/Fire      #######...   1%          5    None


Dungeon Overview and Level Annotations

Branches:
Dungeon (13/15)            Temple (1/1) D:5            Lair (8/8) D:11
  Swamp (0/5) Lair:4       Spider (5/5) Lair:3        Slime (0/6) Lair:8
    Orc (4/4) D:12            Elf (2/3) Orc:4
 Vaults: D:13-14

Altars:
Ashenzari
Cheibriados
Dithmenos
Elyvilon
Fedhas
Gozag
Kikubaaqudgha
Makhleb
Nemelex Xobeh
Okawaru
Qazlal
Ru
Sif Muna
Trog
Vehumet
Xom
Yredelemnul
Zin
The Shining One
Beogh

Shops:
D:4 }   D:10 %:[   D:13 (   Orc:1 (   Orc:2 }   Orc:4 }[(!

Annotations:
Spider:1 Aizul
Spider:3 Mara
Elf:2 1 runed door


Innate Abilities, Weirdness & Mutations

You have a pair of small horns on your head.
Your system is resistant to poisons.


Message History

Confirm with . or Enter, or press ? or * to list all spells.
You blink.
* * * LOW HITPOINT WARNING * * *
You feel very sick.
Aizul coils himself and waves his upper body at you.
You easily resist.
Drink which item? (? for menu, Esc to quit)
You feel better.
Use which ability? (? or * to list)
You channel some magical energy.
You are near starving!
Casting: Blink
Confirm with . or Enter, or press ? or * to list all spells.
Aiming: Force Lance
Press: ? - help, Shift-Dir - straight line, f/p - Aizul
Aim: Aizul (almost dead)
The lance of force misses Aizul.
Aizul casts a spell at you.
You easily resist.
Aizul hits you!
You die...

#. #.###..###.# # #.###
##....#...## ##.# #.........##
#.## # # . #..........## ##.####
...# ..###.......!...###.#....#.
....##.................###.......
.......###.....>........#########
......###...............# #
.......##.......@S......#
.......##...............#
.......##.................. .
.....#..................... ..
...###.###.............##.. ...
.#.#..## ##............# ..
##..### ###......[..## . #..#
###.#.....# ....# #.##..#


You could see Aizul.

Vanquished Creatures
  Saint Roka (Orc:4)
  A deep elf blademaster (Elf:2)
  The ghost of faibistes the Eclecticist, a mighty DEWz of Sif Muna (Spider:4)
  A deep elf demonologist (Elf:1)
  Azrael (Elf:1)
  An ettin (Orc:4)
  Snorg (Lair:7)
  The ghost of faibistes the Thaumaturge, a powerful DEWz of Sif Muna (Lair:6)
  3 deep elf death magi
  Fannar (Lair:1)
  Erica (Lair:1)
  9 hydras
  18 dancing weapons (Elf:2)
  9 death yaks (Lair:8)
  2 orc high priests (Orc:4)
  Nergalle (Elf:1)
  17 deep elf knights
  A swamp dragon (Lair:7)
  An orc knight (Orc:4)
  11 deep elf summoners
  8 deep elf conjurers
  Pikel (D:8)
  5 hill giants
  The ghost of faibistes the Thaumaturge, an experienced DEWz of Sif Muna (D:7)
  An oklob plant (Lair:4)
  A hornet (Spider:4)
  2 orc sorcerers (Orc:4)
  4 orb spiders
  A cyclops (D:12)
  3 manticores
  2 griffons
  An ugly thing (D:11)
  9 elephants
  2 centaur zombies
  Maurice (D:8)
  Joseph (D:7)
  5 black mambas
  A gargoyle (D:10)
  17 spiny frogs
  A centaur skeleton (D:12)
  11 komodo dragons
  3 demonic crawlers
  17 deep elf priests
  A tengu conjurer (D:10)
  A spriggan druid (Lair:8)
  4 polar bears (Lair:8)
  A troll (D:12)
  A jumping spider (Spider:2)
  2 slime creatures
  A boulder beetle (Lair:8)
  13 blink frogs
  2 ravens (D:10)
  2 two-headed ogres
  2 trapdoor spiders
  2 basilisks
  3 tarantellas
  14 spriggans (Lair:8)
  A ynoxinul (Elf:1)
  6 wyverns
  25 yaks
  29 deep elf magi
  Eustachio (D:8)
  3 wraiths
  5 vampire mosquitoes
  7 redbacks
  33 deep elf fighters
  A hungry ghost (D:11)
  5 fire elementals (Elf:1)
  12 swamp worms
  37 wolves
  5 hippogriffs
  4 wargs
  Menkaure (D:6)
  13 porcupines
  3 hell hounds (Elf:1)
  A soldier ant (shapeshifter) (Elf:2)
  A swamp drake (Lair:7)
  12 water moccasins
  A necrophage (D:10)
  An ice beast (D:10)
  4 black bears
  48 orc warriors
  6 spiders
  4 wasps
  2 phantoms (D:5)
  8 ogres
  3 sky beasts
  An eye of draining (D:4)
  6 centaurs
  15 crocodiles
  2 boring beetles
  Sigmund (D:3)
  A brain worm (Lair:6)
  19 giant frogs
  A big kobold (D:9)
  Blork the orc (D:5)
  2 wyvern zombies
  17 wights
  A wyvern skeleton (D:12)
  5 scorpions
  39 killer bees
  8 jellies
  3 vampire bats (D:8)
  5 electric eels
  3 goliath beetles
  2 giant frog zombies
  27 orc priests
  13 crimson imps
  11 hounds
  9 worker ants
  A hell rat (Elf:1)
  3 giant frog skeletons
  A gnoll shaman (D:5)
  8 iguanas
  50 orc wizards
  A spectral orc (Elf:1)
  11 sheep
  A hound zombie (D:6)
  A mummy (D:11)
  A worker ant zombie (D:9)
  20 adders
  22 gnolls
  42 river rats
  2 shadow imps
  13 worms
  An ooze (D:3)
  231 orcs
  4 bat skeletons
  3 bat zombies (D:8)
  6 giant cockroaches
  18 goblins
  33 hobgoblins
  8 jackals
  37 kobolds
  19 quokkas
  14 bats
  5 giant geckos
  A giant gecko skeleton (D:6)
  A giant gecko zombie (D:5)
  5 giant newts
  3 giant spores
  4 orc skeletons (Orc:4)
  29 rats
  13 ballistomycetes
  8 bushes
  A butterfly (Lair:3)
  9 fungi
  13 plants
1346 creatures vanquished.

Vanquished Creatures (collateral kills)
  A mottled dragon (D:11)
  A crocodile (D:11)
  2 killer bees (D:10)
  2 orc priests
  An adder (D:1)
  A quokka (D:4)
  5 rats (D:4)
13 creatures vanquished.

Vanquished Creatures (others)
  A black mamba (Lair:6)
  A komodo dragon (D:11)
  A queen bee (Lair:3)
  A fire vortex (D:10)
  A water moccasin (Lair:3)
  A crimson imp (D:5)
  An adder (D:5)
  An orc (D:11)
  5 giant spores (D:12)
  A quokka skeleton (D:5)
  A spectral orc (Elf:1)
  7 ballistomycetes
  39 fungi
  38 plants
99 creatures vanquished.

Grand Total: 1458 creatures vanquished

Notes
Turn   | Place    | Note
--------------------------------------------------------------
     0 | D:1      | faibistes, the Deep Elf Wizard, began the quest for the Orb.
     0 | D:1      | Reached XP level 1. HP: 10/10 MP: 6/6
   785 | D:1      | Reached XP level 2. HP: 15/15 MP: 8/10
   815 | D:1      | Learned a level 2 spell: Blink
   818 | D:1      | Learned a level 2 spell: Call Imp
  1695 | D:2      | Reached skill level 5 in Spellcasting
  1695 | D:2      | Reached XP level 3. HP: 19/19 MP: 10/14
  1700 | D:2      | Learned a level 3 spell: Conjure Flame
  1714 | D:2      | Learned a level 3 spell: Mephitic Cloud
  1845 | D:3      | Found a bloodstained altar of Trog.
  2112 | D:2      | Reached XP level 4. HP: 24/24 MP: 13/17
  2145 | D:2      | Learned a level 2 spell: Repel Missiles
  2253 | D:2      | Found a shadowy altar of Dithmenos.
  2755 | D:3      | Reached skill level 6 in Spellcasting
  2755 | D:3      | Reached XP level 5. HP: 23/28 MP: 16/20
  2905 | D:2      | Found a blossoming altar of Fedhas.
  3240 | D:3      | Noticed a scorpion
  3259 | D:3      | Noticed Sigmund
  3427 | D:3      | Killed Sigmund
  3427 | D:3      | Reached XP level 6. HP: 32/32 MP: 2/22
  3549 | D:3      | Killed a scorpion
  3549 | D:3      | Reached skill level 7 in Spellcasting
  3765 | D:3      | Found a shimmering altar of Xom.
  3894 | D:4      | Noticed a scorpion
  3906 | D:4      | Killed a scorpion
  3906 | D:4      | Reached skill level 1 in Fighting
  4390 | D:5      | Entered Level 5 of the Dungeon
  4688 | D:4      | Found Seump's Gadget Shoppe.
  4830 | D:4      | Reached XP level 7. HP: 37/39 MP: 17/25
  5510 | D:5      | Reached skill level 8 in Spellcasting
  5595 | D:5      | Learned a level 3 spell: Passwall
  5598 | D:5      | Learned a level 2 spell: Swiftness
  5750 | D:6      | Noticed Menkaure
  5857 | D:5      | Reached skill level 5 in Dodging
  6001 | D:6      | Killed Menkaure
  6110 | D:5      | Reached skill level 9 in Spellcasting
  6110 | D:5      | Reached XP level 8. HP: 37/46 MP: 12/28
  6921 | D:5      | Reached skill level 10 in Spellcasting
  7680 | D:5      | Found a white marble altar of Elyvilon.
  7727 | D:5      | Found a staircase to the Ecumenical Temple.
  7737 | Temple   | Entered the Ecumenical Temple
  7875 | D:5      | Noticed Blork the orc
  7894 | D:5      | Killed Blork the orc
  8041 | D:6      | Reached skill level 5 in Fighting
  8228 | D:7      | Noticed faibistes' ghost (experienced DEWz)
  8513 | D:6      | Reached XP level 9. HP: 54/54 MP: 17/30
  8852 | D:7      | Noticed Joseph
  9378 | D:7      | Killed faibistes' ghost
  9378 | D:7      | Reached skill level 11 in Spellcasting
 10223 | D:7      | Killed Joseph
 10223 | D:7      | Reached skill level 12 in Spellcasting
 10483 | D:8      | Noticed Maurice
 10500 | D:8      | Killed Maurice
 10500 | D:8      | Reached skill level 1 in Evocations
 10599 | D:7      | Found a glowing silver altar of Zin.
 10668 | D:8      | Reached XP level 10. HP: 58/61 MP: 28/33
 11055 | D:7      | Found a burning altar of Makhleb.
 11055 | D:7      | Found a deep blue altar of Sif Muna.
 11063 | D:7      | Became a worshipper of Sif Muna the Loreminder
 11509 | D:8      | Reached skill level 1 in Earth Magic
 11693 | D:8      | Reached skill level 1 in Air Magic
 11730 | D:8      | Noticed Eustachio
 11742 | D:8      | Killed Eustachio
 11785 | D:8      | Reached skill level 1 in Fire Magic
 12208 | D:8      | Reached skill level 1 in Poison Magic
 12214 | D:8      | Noticed Pikel
 12218 | D:8      | Killed Pikel
 12218 | D:8      | Acquired Sif Muna's first power
 12305 | D:8      | Found a sparkling altar of Nemelex Xobeh.
 12572 | D:8      | Learned a level 4 spell: Passage of Golubria
 12574 | D:8      | Found an ancient bone altar of Kikubaaqudgha.
 12882 | D:8      | Found a shadowy altar of Dithmenos.
 13143 | D:10     | Entered Level 10 of the Dungeon
 13493 | D:9      | Acquired Sif Muna's second power
 13639 | D:9      | Found a basalt altar of Yredelemnul.
 13640 | D:9      | Found a shattered altar of Ashenzari.
 13742 | D:9      | Found a snail-covered altar of Cheibriados.
 14235 | D:9      | Found a sacrificial altar of Ru.
 14320 | D:10     | Reached skill level 13 in Spellcasting
 14386 | D:11     | Reached skill level 1 in Transmutations
 14406 | D:10     | Reached skill level 5 in Conjurations
 14786 | D:10     | Reached XP level 11. HP: 60/66 MP: 19/34
 14969 | D:11     | Noticed a manticore
 15004 | D:11     | Killed a manticore
 15004 | D:11     | Reached skill level 1 in Charms
 15004 | D:11     | Reached skill level 1 in Invocations
 15033 | D:11     | Noticed a purple ugly thing
 15037 | D:11     | Killed a purple ugly thing
 15578 | D:10     | Found Hunu's Food Boutique.
 15641 | D:9      | Learned a level 5 spell: Lee's Rapid Deconstruction
 15702 | D:10     | Found Chokkiup's Book Emporium.
 15711 | D:10     | Bought a book of Flames for 455 gold pieces
 15717 | D:10     | Learned a level 5 spell: Fireball
 15722 | D:10     | Learned a level 4 spell: Sticky Flame
 15793 | D:10     | Noticed a hill giant
 15800 | D:10     | Killed a hill giant
 16098 | D:10     | Found Ahiacsah's Armour Shoppe.
 16660 | D:11     | Noticed a five-headed hydra
 16665 | D:11     | Killed a five-headed hydra
 16774 | D:11     | Noticed a hill giant
 16792 | D:11     | Killed a hill giant
 17350 | D:11     | Acquired Sif Muna's third power
 17840 | D:11     | Found a staircase to the Lair.
 17848 | Lair:1   | Entered Level 1 of the Lair of Beasts
 17857 | Lair:1   | Noticed Fannar
 18135 | Lair:1   | Killed Fannar
 18297 | Lair:1   | Reached skill level 5 in Fire Magic
 18432 | Lair:1   | Noticed Erica
 18445 | Lair:1   | Killed Erica
 18624 | Lair:1   | Reached XP level 12. HP: 72/72 MP: 11/36
 19686 | Lair:1   | Reached skill level 5 in Earth Magic
 20450 | Lair:2   | Reached skill level 14 in Spellcasting
 20933 | Lair:3   | Reached skill level 5 in Evocations
 21595 | Lair:2   | Reached skill level 5 in Invocations
 22674 | Lair:3   | Gained mutation: Your system is resistant to poisons. [potion of beneficial mutation]
 22763 | Lair:3   | Found a hole to the Spider Nest.
 23285 | Lair:3   | Reached skill level 5 in Translocations
 24058 | Lair:4   | Found a staircase to the Swamp.
 24079 | Lair:4   | Reached XP level 13. HP: 64/77 MP: 26/37
 24174 | Lair:4   | Found an opulent altar of Gozag.
 24181 | Lair:4   | Reached skill level 5 in Charms
 24791 | Lair:5   | Noticed a six-headed hydra
 24797 | Lair:5   | Killed a six-headed hydra
 25573 | Lair:2   | Learned a level 5 spell: Ignite Poison
 25874 | Lair:6   | Noticed faibistes' ghost (powerful DEWz)
 25896 | Lair:6   | Killed faibistes' ghost
 25896 | Lair:6   | Received a gift from Sif Muna
 25897 | Lair:6   | Identified Sif Muna's Handbook of Boosts and Clay (Sif Muna gifted it to you on level 6 of the Lair of Beasts)
 27775 | Lair:6   | Identified the Incunabulum of the Warped Entourage
 27884 | Lair:8   | Entered Level 8 of the Lair of Beasts
 30848 | Lair:7   | Reached skill level 15 in Spellcasting
 31047 | Lair:7   | Noticed Snorg
 31056 | Lair:7   | Killed Snorg
 31062 | Lair:7   | Reached XP level 14. HP: 84/84 MP: 11/38
 31296 | Lair:7   | Received a gift from Sif Muna
 31297 | Lair:7   | Identified Sif Muna's Catalogue of Moulding and the Mountains (Sif Muna gifted it to you on level 7 of the Lair of Beasts)
 32944 | Lair:8   | Found a staircase to the Slime Pits.
 33606 | Lair:8   | Reached skill level 10 in Dodging
 35991 | Lair:2   | Learned a level 6 spell: Iron Shot
 36336 | D:13     | Found Psarutir's Antique Weapon Shoppe.
 36601 | D:12     | Noticed a hill giant
 36865 | D:12     | Killed a hill giant
 36866 | D:12     | Noticed a hill giant
 37033 | D:12     | Killed a hill giant
 37033 | D:12     | Received a gift from Sif Muna
 37034 | D:12     | Identified Sif Muna's Tome of Floating Conjuration (Sif Muna gifted it to you on level 12 of the Dungeon)
 37113 | D:12     | Learned a level 4 spell: Force Lance
 37121 | D:12     | Learned a level 6 spell: Bolt of Fire
 37257 | D:12     | Found a staircase to the Orcish Mines.
 38181 | D:12     | Reached XP level 15. HP: 89/89 MP: 28/39
 39198 | Orc:1    | Entered Level 1 of the Orcish Mines
 39198 | Orc:1    | Found Tidanopo's Weapon Emporium.
 39871 | Orc:3    | Found a flagged portal.
 39894 | Bailey   | Entered a bailey
 40119 | Bailey   | Got a colourful robe
 40189 | Bailey   | Identified the +2 robe of Bynnacea {+Fly rElec rPois MP-9} (You took it off a kobold in a bailey)
 40239 | Bailey   | Found an iron altar of Okawaru.
 40541 | Orc:4    | Entered Level 4 of the Orcish Mines
 41555 | Orc:4    | Noticed Saint Roka
 43656 | Orc:1    | Found a roughly hewn altar of Beogh.
 43919 | Orc:2    | Found Kleoplutt's Gadget Shoppe.
 45948 | Orc:4    | Killed Saint Roka
 46410 | Orc:4    | Found a roughly hewn altar of Beogh.
 46410 | Orc:4    | Found Watimit's Antique Weapon Emporium.
 46414 | Orc:4    | Found Caodauff's Antique Armour Shoppe.
 46422 | Orc:4    | Bought an ichor-stained rapier for 171 gold pieces
 46422 | Orc:4    | Identified the +7 rapier of Absolution {pain, rF++} (You bought it in a shop on level 4 of the Orcish Mines)
 46536 | Orc:4    | Found a roughly hewn altar of Beogh.
 46550 | Orc:4    | Reached skill level 10 in Fire Magic
 46692 | Orc:4    | Found a roughly hewn altar of Beogh.
 47030 | Orc:4    | Found a roughly hewn altar of Beogh.
 47054 | Orc:4    | Found a roughly hewn altar of Beogh.
 47474 | Orc:4    | Found a roughly hewn altar of Beogh.
 47482 | Orc:4    | Found Vurphuxzo's Distillery.
 47488 | Orc:4    | Bought a potion of curing for 51 gold pieces
 47488 | Orc:4    | Bought a potion of heal wounds for 85 gold pieces
 47488 | Orc:4    | Bought a potion of beneficial mutation for 595 gold pieces
 47488 | Orc:4    | Gained mutation: You have a pair of small horns on your head. [potion of beneficial mutation]
 47542 | Orc:4    | Found a staircase to the Elven Halls.
 47770 | Orc:4    | Found a roughly hewn altar of Beogh.
 47770 | Orc:4    | Found Uchuxilaig's Gadget Shoppe.
 48228 | D:10     | Bought a book of the Sky for 845 gold pieces
 48459 | Lair:2   | Learned a level 4 spell: Airstrike
 48854 | Elf:1    | Entered Level 1 of the Elven Halls
 49140 | Elf:1    | Reached skill level 16 in Spellcasting
 50638 | Elf:1    | Reached skill level 10 in Earth Magic
 50871 | Elf:1    | Noticed Azrael
 51243 | Elf:1    | Received a gift from Sif Muna
 51243 | Elf:1    | Reached skill level 10 in Charms
 51244 | Elf:1    | Identified Sif Muna's Tome of Ashen Conjuration (Sif Muna gifted it to you on level 1 of the Elven Halls)
 51390 | Elf:1    | Identified the Disquisition on the Escort
 51436 | Elf:1    | Noticed Nergalle
 51799 | Elf:2    | Reached skill level 10 in Invocations
 52200 | Elf:2    | Reached XP level 16. HP: 70/96 MP: 12/40
 52717 | Elf:1    | Killed Nergalle
 52872 | Elf:1    | Reached skill level 10 in Conjurations
 53392 | Elf:1    | Killed Azrael
 53827 | Elf:2    | Identified a +0 rod of destruction (10/10) (You took it off a deep elf mage on level 2 of the Elven Halls)
 54538 | Lair:2   | Learned a level 6 spell: Deflect Missiles
 55199 | Elf:2    | Found a runed door.
 55222 | Elf:2    | Found a runed door.
 55682 | Elf:2    | Noticed a deep elf blademaster
 55692 | Elf:2    | Killed a deep elf blademaster
 55692 | Elf:2    | Received a gift from Sif Muna
 55693 | Elf:2    | Identified Thomp's Collected Works on Mutagenic Augmentations (Sif Muna gifted it to you on level 2 of the Elven Halls)
 58051 | Lair:2   | Learned a level 5 spell: Ignite Poison
 58111 | Spider:1 | Entered Level 1 of the Spider Nest
 58509 | Spider:2 | Reached skill level 17 in Spellcasting
 58757 | Spider:2 | Identified a scroll of acquirement
 58815 | Spider:3 | Got a shimmering hand axe
 58816 | Spider:3 | Identified the +10 hand axe "Newt's Nightmare" {drain, rF+ MR+} (You found it on level 3 of the Spider Nest)
 58876 | Spider:4 | Noticed faibistes' ghost (mighty DEWz)
 58882 | Spider:4 | Killed faibistes' ghost
 59205 | Spider:5 | Entered Level 5 of the Spider Nest
 59234 | Spider:3 | Noticed Mara
 59322 | Spider:1 | Noticed Aizul
 59342 | Spider:1 | HP: 3/96 [poisoned by Aizul (bolt of poison)]
 59345 | Spider:1 | Slain by Aizul

Action                   |  1- 3 |  4- 6 |  7- 9 | 10-12 | 13-15 | 16-18 || total
-------------------------+-------+-------+-------+-------+-------+-------++-------
Melee: Short sword       |     2 |       |       |       |       |       ||     2
       Dagger            |     2 |    33 |    99 |   196 |   140 |       ||   470
       Rapier            |       |       |       |       |     1 |     1 ||     2
 Cast: Magic Dart        |    91 |   126 |   388 |   452 |    14 |       ||  1071
       Call Imp          |     2 |     5 |     2 |       |       |       ||     9
       Conjure Flame     |     2 |     1 |    37 |    88 |    18 |       ||   146
       Mephitic Cloud    |       |    10 |    28 |    42 |    12 |       ||    92
       Repel Missiles    |       |     1 |     2 |       |     1 |       ||     4
       Blink             |       |     1 |    12 |    23 |    88 |     4 ||   128
       Passage of Golubr |       |       |       |     1 |       |       ||     1
       Fireball          |       |       |       |   101 |   483 |    19 ||   603
       Sticky Flame      |       |       |       |    74 |    70 |       ||   144
       Lee's Rapid Decon |       |       |       |    14 |   133 |    19 ||   166
       Ignite Poison     |       |       |       |       |    48 |    11 ||    59
       Force Lance       |       |       |       |       |    64 |    44 ||   108
       Bolt of Fire      |       |       |       |       |    94 |    76 ||   170
       Iron Shot         |       |       |       |       |    11 |    14 ||    25
       Airstrike         |       |       |       |       |     9 |    47 ||    56
       Swiftness         |       |       |       |       |     1 |       ||     1
       Deflect Missiles  |       |       |       |       |       |     4 ||     4
Invok: Channel Energy    |       |       |       |    23 |   174 |    44 ||   241
       Forget Spell      |       |       |       |       |     3 |     2 ||     5
 Abil: Evoke Flight      |       |       |       |       |     1 |       ||     1
Evoke: Wand              |       |       |     1 |     4 |    12 |     1 ||    18
  Use: Scroll            |       |     1 |     6 |    25 |    16 |     5 ||    53
       Potion            |       |       |     2 |     3 |     6 |     4 ||    15
 Stab: Confused          |       |     3 |     4 |     8 |       |       ||    15
       Sleeping          |       |     1 |       |       |       |       ||     1
  Eat: Chunk             |     4 |     8 |    16 |    42 |    89 |     7 ||   166
       Fruit             |       |       |     2 |     3 |    11 |    12 ||    28
       Pizza             |       |       |       |     1 |     2 |     2 ||     5
       Meat ration       |       |       |       |       |     3 |       ||     3
       Royal jelly       |       |       |       |       |     1 |     5 ||     6
